 Dungeon Crawl Stone Soup version 0.27-a0-1308-gc08437e49b (webtiles) character file.

Game seed: 806174614035037646

268512 Shayle the Bludgeoner (level 20, -69/270 HPs)
             Began as an Ogre Warper on June 17, 2021.
             Was the Champion of the Shining One.
             Killed from afar by Nikola (73 damage)
             ... on level 1 of the Snake Pit on June 19, 2021.
             The game lasted 03:21:00 (67893 turns).

Shayle the Bludgeoner (Ogre Warper)                Turns: 67893, Time: 03:21:00

Health: -69/270    AC: 31    Str: 24    XL:     20   Next: 56%
Magic:  16/34      EV: 11    Int: 22    God:    the Shining One [******]
Gold:   825        SH: 16    Dex:  5    Spells: 19/40 levels left

rFire    + + +     SeeInvis +   k - +9 eveningstar (holy)
rCold    . . .     Faith    .   C - +0 kite shield
rNeg     + + +     Spirit   .   (armour currently unavailable)
rPois    ∞         Reflect  +   X - +2 hat {Stlth+}
rElec    +         Harm     .   M - +1 cloak of the Gate {Str+4 SInv}
rCorr    .         Rampage  .   (gloves unavailable)
Will     +++..                  (boots unavailable)
Stlth    +.........             T - amulet of reflection
HPRegen  0.55/turn              i - ring "Garisi" {rPois rN+ Int+2 Dex-3}
MPRegen  0.24/turn              D - ring of Taqix {rElec rPois rF+++ Will+}

@: statue-form, very slightly contaminated, glowing, very slow
A: slow and powerful, torment resistance 1, boosted hp, large, unfitting armour,
(tough skin 1)
}: 1/15 runes: decaying
a: End Transformation, Renounce Religion, Divine Shield, Cleansing Flame, Summon
Divine Warrior


You were on level 1 of the Snake Pit.
You worshipped the Shining One.
The Shining One was exalted by your worship.
You were a living statue of rough stone.
You visited 8 branches of the dungeon, and saw 35 of its levels.
You visited the Abyss 2 times.
You visited 1 bazaar.
You also visited: Sewer, Ossuary and Gauntlet.

You collected 3348 gold pieces.
You spent 2523 gold pieces at shops.

Inventory:

Hand Weapons
 k - a +9 eveningstar of holy wrath (weapon)
 K - the +7 lajatang of Order {silver, rMut}
   (You found it on level 2 of the Vaults)

   It protects you from mutation.
 W - a +3 scimitar of flaming
Missiles
 d - 2 throwing nets
 h - 74 large rocks (quivered)
 I - 13 curare-tipped darts
 Y - 14 silver javelins
Armour
 a - the +1 pearl dragon scales "Boewobru" (melded) {rN+ Str+4}
   (You acquired it on level 1 of the Vaults)

   It affects your strength (+4).
   It protects you from negative energy.
 C - a +0 kite shield (worn)
 M - the +1 cloak of the Gate (worn) {Str+4 SInv}
   (You found it on level 6 of the Dungeon)

   It affects your strength (+4).
   It lets you see invisible.
 X - a +2 hat of stealth (worn)
Jewellery
 e - a +6 ring of strength
 i - the ring "Garisi" (left fist) {rPois rN+ Int+2 Dex-3}
   (You found it in a Gauntlet)

   [ring of poison resistance]

   It affects your intelligence (+2).
   It affects your dexterity (-3).
   It protects you from poison.
   It protects you from negative energy.
 q - the ring of Democracy {rElec rC++ AC+4}
   (You bought it in a shop in a bazaar)

   [ring of protection]

   It affects your AC (+4).
   It greatly protects you from cold.
   It insulates you from electricity.
 D - the ring of Taqix (right fist) {rElec rPois rF+++ Will+}
   (You bought it in a shop in a bazaar)

   [ring of willpower]

   It renders you almost immune to fire.
   It insulates you from electricity.
   It protects you from poison.
   It increases your willpower.
 H - the ring of Yreconna {rF+ Dex+6}
   (You found it on level 5 of the Dungeon)

   [ring of dexterity]

   It affects your dexterity (+6).
   It protects you from fire.
 L - a ring of protection from cold
 T - an amulet of reflection (around neck)
 Z - a ring of resist corrosion
Wands
 l - a wand of digging (21)
 o - a wand of iceblast (21)
 x - a wand of flame (112)
 y - a wand of paralysis (15)
 E - a wand of mindburst (23)
 R - a wand of charming (13)
 U - a wand of acid (22)
Scrolls
 b - 7 scrolls of identify
 c - 5 scrolls of blinking
 r - 3 scrolls of magic mapping
 t - 2 scrolls of amnesia
 u - 4 scrolls of fog
 w - 6 scrolls of immolation
 F - a scroll of silence
 G - 2 scrolls of summoning
 N - 15 scrolls of teleportation
 P - 13 scrolls of fear
 S - 4 scrolls of holy word
Potions
 f - 12 potions of curing
 g - 12 potions of ambrosia
 p - 2 potions of berserk rage
 s - 2 potions of resistance
 v - 5 potions of brilliance
 z - 2 potions of cancellation
 A - 5 potions of magic
 B - 5 potions of haste
 J - 7 potions of might
 O - 5 potions of lignification
 Q - 3 potions of flight
 V - 2 potions of mutation


   Skills:
 - Level 14.7 Fighting
 - Level 15.5 Maces & Flails
 - Level 9.1 Polearms
 - Level 1.0 Throwing
 - Level 9.0 Armour
 - Level 11.3 Dodging
 - Level 9.3 Shields
 - Level 10.6 Spellcasting
 - Level 10.5 Translocations
 + Level 10.5 Transmutations
 + Level 10.9 Earth Magic
 - Level 9.1 Invocations


You had 19 spell levels left.
You knew the following spells:

 Your Spells              Type           Power      Damage    Failure   Level
a - Blink                 Tloc           N/A        N/A       1%          2
b - Teleport Other        Tloc           55%        N/A       1%          3
c - Manifold Assault      Tloc           55%        N/A       1%          5
d - Bolt of Magma         Conj/Fire/Erth 13%        4d8       34%         5
e - Statue Form           Tmut/Erth      37%        N/A       11%         6

Your spell library contained the following spells:

 Spells                   Type           Power      Damage    Failure   Level
 Gell's Gravitas          Tloc           27%        N/A       1%          3
 Lesser Beckoning         Tloc           27%        N/A       1%          3
 Blade Hands              Tmut           27%        N/A       2%          5
 Corona                   Hex            12%        N/A       6%          1
 Freeze                   Ice            44%        1d6       6%          1
 Magic Dart               Conj           44%        1d5       6%          1
 Call Imp                 Summ           11%        N/A       9%          2
 Corpse Rot               Necr/Air       N/A        N/A       9%          2
 Ensorcelled Hibernation  Hex/Ice        22%        N/A       9%          2
 Slow                     Hex            11%        N/A       9%          2
 Sublimation of Blood     Necr           5%         N/A       9%          2
 Confusing Touch          Hex            11%        N/A       17%         3
 Conjure Flame            Conj/Fire      11%        6-21      17%         3
 Dazzling Flash           Conj/Hex       22%        N/A       17%         3
 Frozen Ramparts          Ice            22%        1d4       17%         3
 Mephitic Cloud           Conj/Pois/Air  11%        N/A       17%         3
 Ozocubu's Armour         Ice            11%        N/A       17%         3
 Tukima's Dance           Hex            11%        N/A       17%         3
 Irradiate                Conj/Tmut      17%        3d19      19%         5
 Dispel Undead            Necr           11%        3d9       50%         4
 Hailstorm                Conj/Ice       11%        3d5       50%         4
 Summon Lightning Spire   Summ/Air       11%        N/A       50%         4
 Dragon Form              Tmut           27%        N/A       54%         7
 Iron Shot                Conj/Erth      17%        9d4       67%         6
 Agony                    Necr           11%        N/A       85%         5
 Excruciating Wounds      Necr           5%         N/A       85%         5
 Iskenderun's Battlesphe  Conj           11%        2d7       85%         5
 Metabolic Englaciation   Hex/Ice        5%         N/A       85%         5
 Silence                  Hex/Air        5%         N/A       85%         5
 Storm Form               Tmut/Air       17%        N/A       99%         7
 Conjure Ball Lightning   Conj/Air       5%         3x3d6     100%        6
 Orb of Destruction       Conj           5%         9d2       100%        7
 Spellforged Servitor     Conj/Summ      5%         N/A       100%        7


Dungeon Overview and Level Annotations

Branches:
Dungeon (15/15)            Temple (1/1) D:7            Lair (6/6) D:11
  Swamp (4/4) Lair:2        Snake (2/4) Lair:2        Slime (0/5) Lair:5
    Orc (2/2) D:10            Elf (0/3) Orc:2        Vaults (4/5) D:14
  Crypt (0/3) Vaults:2     Depths (1/5) D:15          Sewer (visited)
Ossuary (visited)         Gauntlet (visited)

Altars:
Ashenzari
Elyvilon
Fedhas
Hepliaklqana
Kikubaaqudgha
Makhleb
Nemelex Xobeh
Qazlal
Ru
Trog
Uskayaw
Vehumet
Xom
Yredelemnul
The Shining One
Beogh
Jiyva

Shops:
D:2 *   D:4 !   D:6 *   D:11 *   Orc:1 :   Orc:2 (((*   Snake:2 [   Vaults:1 (*
Vaults:2 (   Vaults:3 (

Portals:
Hell: Depths:1

Annotations:
Swamp:2 2 transporters, exclusion: obsidian statue
Snake:1 1 transporter, Louise; Nikola; sleeves's ghost, adept BaSu
Snake:2 1 transporter


Innate Abilities, Weirdness & Mutations

You are a living statue of rough stone.
Your actions are slow, but your melee attacks are powerful.
You are resistant to unholy torment.
Your maximum health is greatly increased.
You are immune to poison.
Your equipment is partially melded.
You are too large for most types of armour.
((You have tough skin. (AC +1)))


Message History

You resist.
A bolt of lightning appears from out of thin air!
The bolt of lightning hits Nikola.
You hear a shout!
You barely miss Nikola.
Nikola is moderately wounded.
You block Nikola's attack.
Unknown command.
Casting: Manifold Assault (mildly dangerous; 1% risk of failure)
Confirm with . or Enter, or press ? or * to list all spells.
Aiming: Bolt of Magma (mildly dangerous; 34% risk of failure)
Press: ? - help, Shift-Dir - straight line, f - Nikola
Aim: Nikola, wielding a +1 rapier of electrocution, wearing a +0 cloak of stealth and wearing a +1 pair of gloves (moderately wounded, haloed, 82% to hit)
You miscast Bolt of Magma.
You are very lightly contaminated with residual magic.
Sand pours from your fists.
Nikola mumbles some strange words.
Lightning arcs from Nikola's hands!
The bolt of lightning hits you!!! You resist.
* * * LOW HITPOINT WARNING * * *
A bolt of lightning appears from out of thin air!
The bolt of lightning hits Nikola.
The naga shouts!
Unknown command.
Aiming: Corrosive Bolt
Press: ? - help, Shift-Dir - straight line, f/p - Nikola
Aim: Nikola, wielding a +1 rapier of electrocution, wearing a +0 cloak of stealth and wearing a +1 pair of gloves (moderately wounded, haloed, 83% to hit)
The bolt of acid hits Nikola!
Nikola is splashed with acid.
The acid corrodes Nikola!
Nikola is heavily wounded.
Nikola gestures wildly while chanting.
Lightning arcs from Nikola's hands!
The bolt of lightning hits you!!! You resist.
* * * LOW HITPOINT WARNING * * *
A bolt of lightning appears from out of thin air!
The bolt of lightning hits Nikola!
Nikola gestures wildly while chanting.
Lightning arcs from Nikola's hands!
The bolt of lightning hits you!!!! You resist.
You die...

#...........# ..#
### #..
#.............# ...
##. ....[...###...#
#.# .#
.....#######))##..#
#.##
##..##..........##
.. # #..#
.....#......# #.#
..).....#...###
......####.#@.####
..©... #.#8.....#
#####. #.#.#.....#
#..N## .#.#. ###..
... #... .# #..# ##
##. #. N#


You could see Nikola (corroded) and a salamander.

Vanquished Creatures
  A golden dragon (shapeshifter) (Vaults:2)
  A bone dragon (Abyss:2)
  A lich (Depths:1)
  3 sphinxes
  Gastronok (Lair:1)
  A tengu reaver (Depths:1)
  Kirke (Lair:6)
  A thorn hunter (Swamp:4)
  The ghost of Ziqoqehile the Party-goer, an adept DsGl of Uskayaw (D:15)
  An orc warlord (Vaults:1)
  The ghost of Qucsich the Severer, a journeyman HOAr of Beogh (D:15)
  The ghost of Nozimus the Bringer of Light, an adept HuFi of the Shining One (D:15)
  A frost giant (Depths:1)
  The ghost of agentchuck the Destroyer, a journeyman DgEE (D:15)
  A deep elf elementalist (Abyss:2)
  6 ironbound preservers
  7 vault wardens
  8 stone giants
  2 war gargoyles (Vaults:4)
  6 very ugly things (Depths:1)
  The ghost of agentchuck the Grappler, a journeyman TrFi of Yredelemnul (D:15)
  A vampire knight (D:15)
  6 dire elephants
  An entropy weaver (Vaults:2)
  4 bunyips
  A minotaur (Gauntlet)
  A deep elf death mage (Vaults:2)
  An eleionoma (Swamp:2)
  2 ettins
  2 crystal guardians (Vaults:3)
  2 fire dragons
  2 great orbs of eyes
  5 yaktaur captains
  A rakshasa (Depths:1)
  3 naga warriors (Snake:1)
  3 peacekeepers
  18 hydras
  2 boulder beetles
  3 centaur warriors
  7 ironbound thunderhulks
  Erica (D:8)
  4 ironbound frosthearts
  2 catoblepae (Lair:6)
  2 ice dragons (Depths:1)
  A vault guard (Vaults:4)
  2 anacondas (Snake:2)
  2 alligators
  10 death yaks
  2 deep troll shamans
  4 two-headed ogres
  3 thrashing horrors
  4 tengu warriors
  A death knight (D:14)
  2 naga sharpshooters
  5 orc high priests
  A spriggan berserker (Swamp:4)
  Urug (Lair:1)
  A deep troll earth mage (Depths:1)
  Sonja (D:11)
  3 shock serpents
  Nergalle (Lair:4)
  7 ironbound beastmasters
  2 spriggans
  An iron troll (Depths:1)
  A salamander mystic (Snake:2)
  A goliath frog (Swamp:1)
  6 skeletal warriors
  12 wizards
  2 glowing orange brains
  5 bog bodies
  A spriggan druid (Swamp:2)
  7 swamp dragons
  23 deep trolls
  3 naga ritualists
  4 orc knights
  Pikel (D:5)
  5 ironbound convokers
  9 lindwurms
  A shadow dragon zombie (Vaults:4)
  4 deep elf archers (D:12)
  2 necromancers
  A harpy (shapeshifter) (D:14)
  2 deep elf pyromancers
  41 ugly things
  3 mana vipers
  6 orc sorcerers
  A manticore (shapeshifter) (D:12)
  8 salamanders
  5 manticores
  11 cyclopes
  15 slime creatures
  2 will-o-the-wisps (Swamp:2)
  13 elephants
  A frost giant zombie (Vaults:4)
  Joseph (D:9)
  17 vault sentinels
  A guardian serpent (Snake:2)
  13 black mambas
  2 rust devils (D:7)
  An ice statue (Gauntlet)
  A smoke demon (Abyss:2)
  5 naga magi
  2 unseen horrors
  A gargoyle (D:11)
  9 cane toads
  2 torpor snails
  An efreet (Abyss:2)
  19 yaktaurs
  5 rime drakes
  11 komodo dragons
  3 tengu conjurers
  A freezing wraith (D:14)
  A queen bee (Lair:1)
  4 tyrant leeches
  10 trolls
  A shadow dragon simulacrum (Vaults:4)
  A polar bear (Lair:4)
  A bloated husk (Swamp:1)
  A meliai zombie (D:11)
  17 dream sheep
  4 hornets
  A hornet (shapeshifter) (D:14)
  9 blink frogs
  A centaur simulacrum (D:11)
  7 starcursed masses (Abyss:2)
  2 wyverns
  A spriggan (shapeshifter) (D:14)
  36 yaks
  3 shadows
  A basilisk (shapeshifter) (Abyss:2)
  6 wraiths
  A water elemental (D:14)
  A steam dragon (D:5)
  A basilisk (Lair:6)
  A hog (Lair:6)
  A golden eye (shapeshifter) (D:14)
  A neqoxec (Gauntlet)
  5 large abominations (Abyss:2)
  2 chaos spawn
  24 vampire mosquitoes
  12 swamp worms
  9 wargs
  An acid dragon (D:11)
  16 nagas
  Edmund (D:4)
  20 water moccasins
  4 swamp drakes (Swamp:4)
  39 orc warriors
  4 ice beasts
  4 black bears
  15 wolves
  10 ogres
  A boggart (Vaults:1)
  16 centaurs
  3 lemures
  A phantom (D:5)
  10 small abominations
  18 bullfrogs
  2 gnoll sergeants
  A scorpion (D:5)
  26 killer bees (Lair:1)
  A snapping turtle simulacrum (Abyss:1)
  3 wights (D:7)
  2 howler monkeys
  7 electric eels
  6 centaur zombies
  5 hounds
  A bullfrog zombie (D:6)
  25 orc priests
  2 gnoll shamans
  2 jellies (D:5)
  A centaur skeleton (D:7)
  3 human zombies
  2 iron imps (Abyss:2)
  16 orc wizards
  4 iguanas
  3 mummies
  18 gnolls
  11 adders
  3 white imps
  4 ufetubi
  2 adder zombies
  3 worms
  2 dart slugs
  93 orcs
  4 endoplasms
  10 giant cockroaches
  17 goblins
  4 hobgoblins
  15 jackals
  7 quokkas
  6 ball pythons
  7 bats
  4 frilled lizards
  8 hobgoblin zombies (Ossuary)
  4 jackal zombies (Ossuary)
  8 kobolds
  8 kobold zombies (Ossuary)
  10 orc zombies (Ossuary)
  6 rats
  A rat zombie (Ossuary)
  2 butterflies (D:8)
1163 creatures vanquished.

Vanquished Creatures (collateral kills)
  Rupert (D:13)
  2 thorn hunters
  A fenstrider witch (Swamp:2)
  A fire giant (Depths:1)
  2 vault wardens (Vaults:2)
  An orc warlord (Orc:2)
  An ironbound preserver (Vaults:2)
  A very ugly thing (Depths:1)
  A stone giant (Depths:1)
  A shambling mangrove (Swamp:4)
  An ironbound thunderhulk (Vaults:1)
  2 vault guards (Vaults:4)
  An anaconda (Snake:2)
  An ogre mage (D:15)
  2 ironbound frosthearts (Vaults:4)
  An alligator (Swamp:2)
  4 two-headed ogres (D:15)
  A naga sharpshooter (Snake:1)
  A shock serpent (Snake:1)
  2 spriggans (Swamp:2)
  An ironbound beastmaster (Vaults:1)
  2 deep trolls
  2 wizards
  A bog body (Swamp:4)
  5 ironbound convokers
  A swamp dragon (Swamp:3)
  A deep elf pyromancer (D:15)
  A mana viper (Snake:1)
  4 ugly things
  A will-o-the-wisp (Swamp:2)
  A vault sentinel (Vaults:4)
  A black mamba (Snake:2)
  A guardian serpent (shapeshifter) (D:13)
  2 hornets (Swamp:2)
  A wraith (D:13)
  2 vampire mosquitoes (Swamp:2)
  A warg (Orc:2)
  An orc warrior (Orc:2)
  An ogre (D:15)
  2 orcs (Orc:2)
  A briar patch (Swamp:2)
61 creatures vanquished.

Vanquished Creatures (others)
  An ironbound frostheart (Vaults:4)
  An ugly thing (Vaults:4)
  4 slime creatures (Vaults:4)
  A dream sheep (Lair:6)
  5 humans (Lair:6)
  A water moccasin (Lair:6)
  An ogre (D:6)
  A demonic plant (Gauntlet)
  6 foxfires (Swamp:2)
  75 fungi
  A lurking horror (Abyss:2)
  106 plants
  2 starspawn tentacles (Abyss:2)
205 creatures vanquished.

Grand Total: 1429 creatures vanquished

Notes
Turn   | Place    | Note
-------+----------+-------------------------------------------
     0 | D:1      | Shayle the Ogre Warper began the quest for the Orb.
     0 | D:1      | Reached XP level 1. HP: 22/22 MP: 3/3
   247 | D:1      | Reached XP level 2. HP: 25/31 MP: 5/5
   263 | D:1      | Learned a level 2 spell: Blink
  1058 | D:1      | Reached XP level 3. HP: 37/37 MP: 6/6
  1632 | D:2      | Found a faded altar of an unknown god.
  2313 | D:2      | Reached XP level 4. HP: 48/48 MP: 7/7
  2418 | D:2      | Found Calaqy's General Store.
  3042 | D:3      | Found a glowing drain.
  3092 | Sewer    | Entered a sewer
  3155 | Sewer    | Noticed a water moccasin
  3178 | Sewer    | Learned a level 3 spell: Teleport Other
  3209 | Sewer    | Identified the +5 hunting sling of Qufruich {vorpal, rC++
                  | SInv}
  3230 | Sewer    | Killed a water moccasin
  3231 | Sewer    | Reached XP level 5. HP: 38/55 MP: 3/8
  3626 | D:3      | Noticed an ogre
  4250 | D:3      | Reached skill level 5 in Fighting
  4250 | D:3      | Reached XP level 6. HP: 54/66 MP: 9/9
  4969 | D:4      | Found Zonnumen's Distillery.
  5037 | D:4      | Bought a potion of brilliance for 48 gold pieces
  5037 | D:4      | Bought a potion of curing for 36 gold pieces
  5037 | D:4      | Bought a potion of curing for 36 gold pieces
  5037 | D:4      | Bought a potion of berserk rage for 60 gold pieces
  5043 | D:5      | Entered Level 5 of the Dungeon
  5508 | D:4      | Noticed Edmund
  5526 | D:4      | Killed Edmund
  5527 | D:4      | Reached XP level 7. HP: 25/72 MP: 10/10
  5932 | D:5      | Found a large runed translucent door.
  5935 | D:5      | Found a large runed translucent door.
  5946 | D:5      | Noticed a shadow
  5971 | D:5      | Noticed a steam dragon
  5977 | D:5      | Killed a steam dragon
  5978 | D:5      | Reached skill level 5 in Dodging
  6111 | D:5      | Found a broken altar of Ashenzari.
  6220 | D:5      | Reached XP level 8. HP: 79/83 MP: 11/11
  6397 | D:5      | Found a radiant altar of Vehumet.
  6416 | D:5      | Reached skill level 5 in Polearms
  6759 | D:5      | Found a large runed translucent door.
  6759 | D:5      | Found a large runed translucent door.
  6774 | D:5      | Identified the +5 falchion "Xichitir" {elec, Int+3}
  6816 | D:5      | Noticed a wraith
  6825 | D:5      | HP: 2/84 [ice beast (12)]
  7205 | D:5      | Killed a wraith
  7219 | D:5      | Identified the ring of Yreconna {rF+ Dex+6}
  7506 | D:6      | Noticed Pikel
  7624 | D:5      | Learned a level 5 spell: Manifold Assault
  7712 | D:5      | Killed Pikel
  7713 | D:5      | Reached skill level 5 in Translocations
  7713 | D:5      | Reached XP level 9. HP: 36/93 MP: 12/12
  7962 | D:6      | Noticed a red ugly thing
  7984 | D:6      | Found a glowing golden altar of the Shining One.
  7987 | D:6      | Became a worshipper of the Shining One
  8646 | D:6      | Found Umiemed's General Store.
  8962 | D:6      | Identified the +1 cloak of the Gate {Str+4 SInv}
  8978 | D:6      | Found a hide-covered altar of Uskayaw.
  9020 | D:6      | Killed a red ugly thing
  9430 | D:7      | Found a sand-covered staircase.
  9437 | Ossuary  | Entered an ossuary
  9588 | Ossuary  | Reached * piety under the Shining One
  9644 | Ossuary  | Reached ** piety under the Shining One
  9748 | Ossuary  | Reached *** piety under the Shining One
  9859 | D:7      | Reached **** piety under the Shining One
 10054 | D:7      | Found a staircase to the Ecumenical Temple.
 10073 | D:7      | Reached XP level 10. HP: 90/106 MP: 13/13
 10090 | Temple   | Entered the Ecumenical Temple
 11082 | D:7      | Noticed a rust devil
 11082 | D:7      | Noticed a rust devil
 11548 | D:8      | Noticed Erica
 11571 | D:8      | Killed Erica
 12040 | D:8      | Found a shimmering altar of Xom.
 12614 | D:9      | Identified a scroll of acquirement
 12614 | D:9      | Acquired a +0 hat of stealth
 12832 | D:9      | Noticed Joseph
 12846 | D:9      | Killed Joseph
 13019 | D:9      | Found a stormy altar of Qazlal.
 13293 | D:10     | Entered Level 10 of the Dungeon
 13353 | D:10     | Acquired the +4 glaive of Natsuo {vorpal, Int+5}
 13452 | D:10     | Reached XP level 11. HP: 117/117 MP: 3/14
 13624 | D:10     | Reached ***** piety under the Shining One
 13919 | D:10     | Found a white marble altar of Elyvilon.
 13920 | D:10     | Found a staircase to the Orcish Mines.
 13922 | D:10     | Found a blossoming altar of Fedhas.
 13922 | D:10     | Found a hazy altar of Hepliaklqana.
 13940 | D:10     | Found a sparkling altar of Nemelex Xobeh.
 14405 | D:11     | Reached skill level 10 in Fighting
 14569 | D:11     | Noticed a skeletal warrior
 14577 | D:11     | Killed a skeletal warrior
 14675 | D:11     | Noticed a skeletal warrior
 14684 | D:11     | Killed a skeletal warrior
 14910 | D:11     | Noticed Sonja
 14922 | D:11     | Cast into level 1 of the Abyss (Sonja)
 15050 | D:11     | Escaped the Abyss
 15062 | D:11     | Killed Sonja
 15063 | D:11     | Reached skill level 10 in Dodging
 15192 | D:11     | Noticed a two-headed ogre
 15375 | D:11     | Noticed a cyclops
 15383 | D:11     | Killed a cyclops
 15551 | D:11     | Noticed a cyclops
 15556 | D:11     | Killed a cyclops
 15789 | D:11     | Noticed a cyclops
 15804 | D:11     | Killed a cyclops
 15971 | D:11     | Identified the +1 pair of boots of Vlad {Dex+6}
 16163 | D:11     | Noticed a manticore
 16170 | D:11     | Killed a manticore
 16171 | D:11     | Reached XP level 12. HP: 71/128 MP: 15/15
 16384 | D:11     | Found a staircase to the Lair.
 16398 | Lair:1   | Entered Level 1 of the Lair of Beasts
 16425 | Lair:1   | Learned a level 5 spell: Bolt of Magma
 16540 | Lair:1   | Noticed a five-headed hydra
 16549 | Lair:1   | Killed a one-headed hydra
 16550 | Lair:1   | Reached skill level 1 in Invocations
 16694 | Lair:1   | Reached skill level 10 in Translocations
 17203 | Lair:1   | Noticed Gastronok
 17221 | Lair:1   | Killed Gastronok
 17573 | Lair:1   | Noticed Urug
 17583 | Lair:1   | Killed Urug
 18878 | Lair:2   | Reached skill level 1 in Armour
 18878 | Lair:2   | Reached skill level 1 in Shields
 18957 | Lair:2   | Found a staircase to the Swamp.
 19226 | Lair:2   | Reached skill level 1 in Maces & Flails
 19392 | Lair:2   | Reached XP level 13. HP: 115/139 MP: 16/16
 19827 | Lair:2   | Found a staircase to the Snake Pit.
 20328 | Lair:2   | Reached skill level 2 in Maces & Flails
 20988 | Lair:2   | Reached skill level 5 in Invocations
 22321 | Lair:2   | Reached skill level 3 in Maces & Flails
 23369 | Lair:4   | Noticed Nergalle
 23383 | Lair:4   | Killed Nergalle
 25259 | Lair:5   | Reached skill level 4 in Maces & Flails
 25665 | Lair:5   | Found a staircase to the Slime Pits.
 25666 | Lair:5   | Found a viscous altar of Jiyva.
 25667 | Lair:5   | Identified the +4 rapier "Wetan" {freeze, rElec Dex+3}
 26050 | Lair:5   | Reached XP level 14. HP: 143/153 MP: 19/19
 26248 | Lair:6   | Entered Level 6 of the Lair of Beasts
 26784 | Lair:6   | Reached skill level 5 in Shields
 27011 | Lair:6   | Noticed Kirke
 27038 | Lair:6   | Killed Kirke
 27039 | Lair:6   | Reached skill level 5 in Maces & Flails
 27682 | Lair:6   | Reached skill level 5 in Armour
 29333 | Lair:6   | Noticed a dire elephant
 29472 | Lair:6   | Killed a dire elephant
 29473 | Lair:6   | Reached skill level 6 in Maces & Flails
 30040 | Lair:6   | Identified the +11 falchion "Transmigrator" {antimagic,
                  | Str+3 SInv}
 30047 | Lair:6   | Identified the +4 shortbow of Ashenzari {freeze, rF- rC+
                  | rCorr SInv}
 30459 | D:11     | Found a sacrificial altar of Ru.
 30554 | D:11     | Found Fythosag's Assorted Antiques.
 30561 | D:11     | Bought a potion of curing for 81 gold pieces
 30561 | D:11     | Bought a scroll of teleportation for 81 gold pieces
 30561 | D:11     | Bought a potion of heal wounds for 135 gold pieces
 31331 | D:12     | Reached XP level 15. HP: 95/165 MP: 7/21
 32696 | D:13     | Noticed Rupert
 32852 | Orc:1    | Entered Level 1 of the Orcish Mines
 33045 | Orc:1    | Reached ****** piety under the Shining One
 33225 | Orc:1    | Identified a +9 eveningstar of holy wrath (a +7 eveningstar
                  | blessed by the Shining One)
 33225 | Orc:1    | Received a gift from the Shining One
 33413 | Orc:1    | Found Sugob's Book Shoppe.
 33671 | Orc:1    | Found a burning altar of Makhleb.
 33705 | Orc:1    | Reached skill level 7 in Maces & Flails
 33876 | Orc:2    | Entered Level 2 of the Orcish Mines
 34766 | D:5      | Identified the +0 pair of boots of Masochism {rElec}
 35637 | Orc:2    | Found Veash's Weapon Shop.
 35751 | Orc:2    | Noticed an orc warlord
 36348 | Orc:2    | Found Huveq's Weapon Emporium.
 36358 | Orc:2    | Reached skill level 8 in Maces & Flails
 36377 | Orc:2    | Found Adynasupn's Weapon Shoppe.
 36508 | Orc:2    | Killed an orc warlord
 36596 | Orc:2    | Found Bolida's General Store.
 36921 | Orc:2    | Found a staircase to the Elven Halls.
 37501 | D:13     | Killed Rupert
 37727 | D:13     | Reached skill level 9 in Maces & Flails
 38687 | D:14     | Reached XP level 16. HP: 163/174 MP: 22/22
 38906 | D:14     | Found a gate to the Vaults.
 39649 | D:15     | Entered Level 15 of the Dungeon
 39806 | D:15     | Found a gate leading to a gauntlet.
 39817 | Gauntlet | Entered a Gauntlet
 39817 | Gauntlet | Found a transporter.
 39817 | Gauntlet | Found a transporter.
 39817 | Gauntlet | Found a runed translucent gate.
 39817 | Gauntlet | Found a runed translucent gate.
 39817 | Gauntlet | Found a runed translucent gate.
 39825 | Gauntlet | Found a transporter.
 39829 | Gauntlet | Found a transporter.
 39838 | Gauntlet | Found a transporter.
 39842 | Gauntlet | Found a transporter.
 39851 | Gauntlet | Found a transporter.
 39866 | Gauntlet | Found a transporter.
 39881 | Gauntlet | Found a transporter.
 39885 | Gauntlet | Found a transporter.
 39893 | Gauntlet | Found a transporter.
 39897 | Gauntlet | Found a transporter.
 39923 | Gauntlet | Identified the +0 plate armour of Tulips {rF- rN++ rCorr
                  | Str+4}
 39942 | Gauntlet | Found a runed translucent door.
 39971 | Gauntlet | Identified the ring "Garisi" {rPois rN+ Int+2 Dex-3}
 40037 | Gauntlet | Reached skill level 10 in Maces & Flails
 40042 | Gauntlet | Identified the +0 pair of boots of the Elephant {Int+7}
 40523 | D:15     | Found a staircase to the Depths.
 41522 | D:15     | Found a runed translucent gate.
 41522 | D:15     | Noticed agentchuck's ghost (journeyman DgEE)
 41522 | D:15     | Noticed Ziqoqehile's ghost (adept DsGl)
 41523 | D:15     | Noticed agentchuck's ghost (journeyman TrFi)
 41523 | D:15     | Noticed Qucsich's ghost (journeyman HOAr)
 41523 | D:15     | Noticed Nozimus's ghost (adept HuFi)
 41525 | D:15     | Found a runed translucent gate.
 41526 | D:15     | Found a runed translucent gate.
 41541 | D:15     | Killed Nozimus's ghost
 41562 | D:15     | Killed Qucsich's ghost
 41576 | D:15     | Killed Ziqoqehile's ghost
 41580 | D:15     | Killed agentchuck's ghost
 41589 | D:15     | Killed agentchuck's ghost
 41590 | D:15     | Reached skill level 11 in Maces & Flails
 42368 | Swamp:1  | Entered Level 1 of the Swamp
 43395 | Swamp:2  | Reached skill level 1 in Earth Magic
 43406 | Swamp:2  | Noticed a thorn hunter
 43413 | Swamp:2  | Killed a thorn hunter
 43603 | Swamp:2  | Found a transporter.
 43605 | Swamp:2  | Noticed a fenstrider witch
 43607 | Swamp:2  | Noticed a fenstrider witch
 43609 | Swamp:2  | Noticed a fenstrider witch
 43845 | Swamp:2  | Noticed a fenstrider witch
 43851 | Swamp:2  | Paralysed by a fenstrider witch for 5 turns
 43863 | Swamp:2  | Killed a fenstrider witch
 44211 | Swamp:2  | Found a transporter.
 44211 | Swamp:2  | Noticed a tentacled monstrosity
 45271 | Swamp:3  | Reached XP level 17. HP: 181/182 MP: 23/23
 45775 | Swamp:4  | Entered Level 4 of the Swamp
 46136 | Swamp:4  | Learned a level 6 spell: Statue Form
 46695 | Swamp:4  | Reached skill level 12 in Maces & Flails
 46695 | Swamp:4  | Reached skill level 1 in Transmutations
 46845 | Swamp:4  | Reached skill level 5 in Spellcasting
 47872 | Swamp:4  | Got a decaying rune of Zot
 48770 | Snake:1  | Entered Level 1 of the Snake Pit
 49045 | Snake:1  | You fall into a shaft and drop 1 floor!
 49076 | Snake:2  | Found a transporter.
 49810 | Snake:1  | Noticed Louise
 50047 | Snake:2  | Found Wyxaefah's Antique Armour Shoppe.
 51028 | Snake:1  | Identified the +0 tower shield of the Great Game {Regen+
                  | Str+4 Int-2}
 51849 | Vaults:1 | Entered Level 1 of the Vaults
 52151 | Vaults:1 | Reached skill level 5 in Earth Magic
 52184 | Vaults:1 | Reached skill level 13 in Maces & Flails
 52497 | Vaults:1 | Acquired the +1 pearl dragon scales "Boewobru" {rN+ Str+4}
 53004 | Vaults:1 | Reached XP level 18. HP: 39/191 MP: 12/28
 53758 | Vaults:1 | Found Ennaxuy's Antique Weapon Shop.
 54072 | Vaults:1 | Found Kevae's General Store.
 54084 | Vaults:1 | Bought a wand of mindburst (15) for 247 gold pieces
 54084 | Vaults:1 | Bought a scroll of fear for 45 gold pieces
 54714 | Vaults:2 | Reached skill level 5 in Transmutations
 54890 | Vaults:2 | Noticed an iron giant
 54895 | Vaults:2 | Noticed a caustic shrike
 54895 | Vaults:2 | an iron giant changed into a caustic shrike
 54898 | Vaults:2 | Noticed a golden dragon
 54898 | Vaults:2 | a caustic shrike changed into a golden dragon
 54900 | Vaults:2 | Killed a golden dragon
 55076 | Vaults:2 | Found the +7 lajatang of Order {silver, rMut}
 55518 | Vaults:2 | HP: 7/191 [vault warden (31)]
 57359 | Vaults:2 | Found Ewku's Antique Weapon Emporium.
 57596 | Vaults:2 | Reached skill level 14 in Maces & Flails
 57762 | Vaults:2 | Found a staircase to the Crypt.
 57762 | Vaults:2 | Found an ancient bone altar of Kikubaaqudgha.
 57763 | Vaults:2 | Found a basalt altar of Yredelemnul.
 58393 | Vaults:3 | Found Reyddoraall's Antique Weapon Boutique.
 58790 | Vaults:3 | Cast into level 2 of the Abyss (a wizard)
 59132 | Abyss:2  | Noticed a bone dragon
 59141 | Abyss:2  | Killed a bone dragon
 59313 | Abyss:2  | Noticed a bone dragon
 59322 | Abyss:2  | Noticed a dread lich
 59364 | Vaults:3 | Escaped the Abyss
 59371 | Vaults:3 | Reached XP level 19. HP: 108/198 MP: 32/32
 61143 | Vaults:3 | Reached skill level 15 in Maces & Flails
 61160 | Vaults:3 | Reached skill level 10 in Spellcasting
 62089 | Vaults:4 | Found a flickering gateway to a bazaar.
 62101 | Bazaar   | Entered a bazaar
 62101 | Bazaar   | Found Ikujus's General Store.
 62101 | Bazaar   | Found Puphits's General Store.
 62104 | Bazaar   | Bought the ring of Democracy {rElec rC++ AC+4} for 742 gold
                  | pieces
 62110 | Bazaar   | Bought the ring of Taqix {rElec rPois rF+++ Will+} for 547
                  | gold pieces
 62123 | Bazaar   | Found Iduef's General Store.
 62123 | Bazaar   | Found Kyseoraf's General Store.
 62318 | Bazaar   | Found Wychuag's General Store.
 62318 | Bazaar   | Found Foforo's General Store.
 62329 | Bazaar   | Bought a scroll of enchant armour for 90 gold pieces
 62342 | Bazaar   | Found Weute's General Store.
 62342 | Bazaar   | Found Samposon's General Store.
 62351 | Bazaar   | Bought a scroll of blinking for 82 gold pieces
 62355 | Bazaar   | Bought a scroll of fear for 49 gold pieces
 62373 | Bazaar   | Bought a scroll of teleportation for 21 gold pieces
 62373 | Bazaar   | Bought a potion of might for 28 gold pieces
 62373 | Bazaar   | Bought a scroll of fear for 24 gold pieces
 62373 | Bazaar   | Bought a potion of might for 28 gold pieces
 62377 | Bazaar   | Bought a potion of haste for 110 gold pieces
 62377 | Bazaar   | Bought a scroll of teleportation for 33 gold pieces
 63057 | Vaults:3 | Upgraded the game from 0.27-a0-1301-g128193abf8 to
                  | 0.27-a0-1308-gc08437e49b
 65085 | Depths:1 | Entered Level 1 of the Depths
 65205 | D:15     | Reached XP level 20. HP: 207/208 MP: 19/34
 66126 | Depths:1 | Found a gateway to Hell.
 66334 | Depths:1 | Reached skill level 10 in Earth Magic
 66959 | Depths:1 | Reached skill level 10 in Transmutations
 67881 | Snake:1  | Found a transporter.
 67881 | Snake:1  | Noticed Nikola
 67888 | Snake:1  | Noticed sleeves's ghost (adept BaSu)
 67893 | Snake:1  | HP: 4/270 [Nikola (66)]
 67893 | Snake:1  | Killed from afar by Nikola

Illustrated notes

Levels and vault maps discovered:
D:1:      dpeg_arrival_tiny_f, layout_loops_corners
D:2:      layout_basic, serial_shops, shop_statue, basic_ecumenical_altar,
          minmay_between
D:3:      layout_loops_corners, portal_sewer_entry_f, minmay_ogre_servants
D:4:      layout_rooms, serial_shops,
          nicolae_shop_temple_entry_statues_fountains, uniq_edmund
D:5:      layout_loops_cross, nicolae_vehumet_altar_sigil,
          cheibrodos_ashenzari_chains, minmay_misc_feat_ornament,
          grunt_ministairs_14, minmay_hollow_rounded_squares
D:6:      layout_loops_ring, tso_oasis_becter, old_standard_altar, serial_shops,
          nicolae_shop_stone, lemuel_old_faithful, uniq_pikel
D:7:      cheibrodos_iron_armory, layout_basic,
          minmay_temple_entry_stoned_glass, gup_ossuary_entry_pyramid
D:8:      layout_loops_corners, xom_butterflies, uniq_erica
D:9:      layout_small_grid, nicolae_qazlal_style_of_elements, uniq_joseph
D:10:     layout_cave_pools, nicolae_overflow_quartered_altars, orc_0_dummy
D:11:     minmay_inside_and_out, layout_basic, due_lair_maze_entry_diamond,
          serial_shops, shop, nicolae_ru_awakened_eye, uniq_sonja
D:12:     layout_long_grid
D:13:     layout_roguey, uniq_rupert
D:14:     minmay_distorted_concentric_squares, layout_loops_corners,
          david_vaults_2, serial_bayou_pond_c, kennysheep_small_spiral
D:15:     hangedman_depths_entry_try_elsewhere_first, layout_loops_corners,
          gammafunk_ghost_cemetery, gauntlet_entry_generic
Temple:   nicolae_temple_hex_pool
Lair:1:   layout_loops_ring, special_room [special_room_bee],
          serial_bayou_lake_a, uniq_urug, uniq_gastronok
Lair:2:   layout_chaotic_city, minmay_swamp_entry_swarm,
          minmay_snake_entry_guardpost_small
Lair:3:   layout_hall_layers, serial_bayou, serial_bayou_shore_a,
          serial_bayou_pond_a, serial_bayou_pond_e, serial_bayou_pond_c,
          nicolae_lair_grove_arrangements
Lair:4:   layout_big_grid, uniq_nergalle
Lair:5:   layout_roguey, slime_altar_1, infiniplex_staircase_pool
Lair:6:   grunt_lair_end_beastmaster, layout_loops_ring, grunt_megastairs_1,
          uniq_kirke
Swamp:1:  layout_falls_marsh, hangedman_swamp_ruin_wall, swamp_pool4
Swamp:2:  gammafunk_sealed_arena, layout_basic_swamp,
          evilmike_swamp_ruin_rubble_2
Swamp:3:  layout_basic_swamp, nicolae_swamp_tree_isthmus
Swamp:4:  swamp_basic_johnstein, layout_basic_swamp, swamp_pool1,
          nicolae_swamp_snake_nest
Snake:1:  layout_onion_interference, gammafunk_ghost_wrathful_warriors,
          grunt_ministairs_8, st_stairs_7, grunt_megastairs_3, uniq_louise,
          uniq_nikola
Snake:2:  gammafunk_the_bubble [the_bubble_gammafunk_plus_minus],
          layout_misc_corridors, serial_shops, nicolae_shop_behind_doors,
          uniq_jorgrun
Orc:1:    layout_caves, serial_shops, nicolae_diamond_shop, basic_altar,
          mines1_david
Orc:2:    pubby_orc_utopia
Vaults:1: vaults_room_semicircle, v_misc_10, ontoclasm_vaults_eye,
          ontoclasm_vaults_pinch, v_alt_pattern_3, v_misc_4,
          nicolae_vaults_network_star, vaults_room_mumra_shop_pool,
          layout_vaults_ring, serial_shops, shop
Vaults:2: grunt_vaults_hallway_long, vaults_room_octagon, nicolae_vaults_theta,
          minmay_crypt_entry_necro_gods, nicolae_vaults_little_squares_3,
          hangedman_vaults_unwind, st_octagons_2, v_misc_19,
          hangedman_vaults_nails, vaults_dpeg_ring, layout_vaults_omnicross,
          serial_shops, shop
Vaults:3: vaults_dpeg_spiral, nicolae_vaults_little_squares_1,
          vaults_room_octagon, v_pattern_5, vaults_standard_mumra_lines,
          vaults_room_corners, v_misc_3, nicolae_vaults_yaktaur_gun_rack,
          ontoclasm_vaults_loading_screen, nicolae_vaults_shelves_hall,
          ontoclasm_vaults_ligature, layout_vaults_maze_snakey, serial_shops,
          nicolae_square_shop
Vaults:4: hangedman_vaults_cutoff, hangedman_vaults_pinch, serial_ice_b,
          ontoclasm_vaults_spin, v_alt_pattern_1, ontoclasm_vaults_shuriken,
          vaults_room_grid, nicolae_vaults_what_the_h,
          vaults_standard_mumra_enter_the_diamond, layout_vaults_big_room,
          serial_shops, bzr_firewalk
Depths:1: hangedman_grunt_twisty_little_passages, layout_gridlike,
          nicolae_uskayaw_murder_on_the_dancefloor, hell_entry,
          abyss_entry_crystal, led_xom_imps

Skill      XL: |  1  2  3  4  5  6  7  8  9 10 11 12 13 14 15 16 17 18 19 20 |
---------------+-------------------------------------------------------------+-----
Fighting       | 3 4 5 6 7 8 9 10 11 13 14 | 14.7
Polearms       | 3 4 5 6 7 8 9 |  9.1
Dodging        | 3 4 5 6 8 9 10 11 | 11.3
Translocations | 3 5 6 8 9 10 | 10.5
Invocations    | 4 6 8 9 |  9.1
Armour         | 1 4 6 7 8 9 |  9.0
Shields        | 1 4 6 8 9 |  9.3
Maces & Flails | 1 4 6 9 11 13 14 15 | 15.5
Earth Magic    | 2 5 7 9 10 | 10.9
Spellcasting   | 4 7 9 10 | 10.6
Transmutations | 4 6 8 10 | 10.5
Throwing       | |  1.0

Action                   |  1- 3 |  4- 6 |  7- 9 | 10-12 | 13-15 | 16-18 | 19-21 || total
-------------------------+-------+-------+-------+-------+-------+-------+-------++-------
Melee: Spear             |    71 |       |       |       |       |       |       ||    71
       Whip              |    90 |   206 |       |       |       |       |       ||   296
       Long sword        |       |    10 |   236 |   126 |       |       |       ||   372
       Falchion          |       |       |    38 |       |       |       |       ||    38
       Glaive            |       |       |       |   278 |       |       |       ||   278
       Eveningstar       |       |       |       |    73 |  1228 |  1190 |   782 ||  3273
       Scimitar          |       |       |       |    14 |    67 |    72 |       ||   153
 Fire: Hunting sling     |       |    31 |    16 |    17 |       |       |       ||    64
Throw: Boomerang         |       |     5 |       |       |       |       |       ||     5
       Large rock        |       |       |       |     8 |    23 |       |     2 ||    33
 Cast: Blink             |       |     5 |     2 |     1 |    14 |     5 |       ||    27
       Teleport Other    |       |     1 |     1 |       |     1 |       |       ||     3
       Manifold Assault  |       |       |       |    45 |   113 |   151 |    90 ||   399
       Statue Form       |       |       |       |       |       |       |     3 ||     3
Invok: Cleansing Flame   |       |       |       |       |     6 |     3 |     2 ||    11
       Summon Divine War |       |       |       |       |     2 |    12 |     5 ||    19
       Brand Weapon With |       |       |       |       |     1 |       |       ||     1
       Divine Shield     |       |       |       |       |       |       |     1 ||     1
Evoke: Wand              |       |       |       |     5 |     8 |     7 |     4 ||    24
  Use: Scroll            |       |    12 |     5 |    14 |     8 |     8 |     3 ||    50
       Potion            |       |     3 |     3 |     3 |     8 |     8 |     3 ||    28
Armor: Robe              |    37 |    75 |     9 |       |       |       |       ||   121
       Skin              |       |    16 |       |       |       |       |    25 ||    41
       Steam dragon scal |       |       |   103 |   216 |   471 |   194 |       ||   984
       Pearl dragon scal |       |       |       |       |       |   120 |   140 ||   260
Dodge: Dodged            |    82 |   126 |   215 |   361 |   733 |   473 |   106 ||  2096
Block: Kite shield       |       |       |       |    41 |  1046 |   845 |   341 ||  2273
       Reflection        |       |       |       |       |    22 |    50 |    21 ||    93
       Rpst.: Long sword |       |     4 |    66 |    28 |       |       |       ||    98
       Falchion          |       |       |    10 |       |       |       |       ||    10
       Scimitar          |       |       |       |     4 |    10 |     7 |       ||    21

Table legend: (Time is in decaauts)
 A = Elapsed time spent in this place.
 B = Non-inter-level travel time spent in this place.
 C = Inter-level travel time spent in this place.
 D = Time resting spent in this place.
 E = Time spent auto-exploring this place.
 F = Levels seen in this place.
 G = Mean time per level.
                   A        B        C        D        E       F      G
               +--------+--------+--------+--------+--------+-----+--------+
         Total |  68944 |  65222 |   3722 |  27000 |  23869 |  43 | 1603.3 |
       Dungeon |  24945 |  22878 |   2067 |   6805 |  11520 |  15 | 1663.0 |
        Temple |      1 |      1 |      0 |      0 |      0 |   1 |    1.0 |
          Lair |  14946 |  14106 |    840 |   6451 |   4479 |   6 | 2491.0 |
         Swamp |   6447 |   6268 |    179 |   3451 |   1639 |   4 | 1611.8 |
     Snake Pit |   3438 |   3436 |      2 |   2340 |    591 |   2 | 1719.0 |
  Orcish Mines |   3516 |   3302 |    214 |    748 |   1323 |   2 | 1758.0 |
        Vaults |  11721 |  11358 |    363 |   5035 |   4089 |   4 | 2930.2 |
        Depths |   1747 |   1691 |     56 |   1244 |     73 |   1 | 1747.0 |
         Abyss |    685 |    685 |      0 |    278 |     52 |   4 |  171.2 |
        Bazaar |    280 |    280 |      0 |    170 |      0 |   1 |  280.0 |
         Sewer |    325 |    325 |      0 |    151 |     40 |   1 |  325.0 |
       Ossuary |    405 |    405 |      0 |    139 |      5 |   1 |  405.0 |
      Gauntlet |    482 |    482 |      0 |    185 |     57 |   1 |  482.0 |
               +--------+--------+--------+--------+--------+-----+--------+

Top non-repeatable levels by time:
  Lair:2: 4104 daAuts
Vaults:1: 3328 daAuts
  Lair:6: 3266 daAuts
Vaults:2: 3022 daAuts
    D:11: 2944 daAuts
Vaults:3: 2907 daAuts
   Orc:2: 2685 daAuts
     D:5: 2673 daAuts
  Lair:1: 2610 daAuts
    D:15: 2610 daAuts
Vaults:4: 2463 daAuts
 Swamp:3: 2390 daAuts
  Lair:5: 1763 daAuts
Depths:1: 1747 daAuts
 Snake:2: 1740 daAuts
